 Dungeon Crawl Stone Soup version 0.29.1-4-g47bece8355 (webtiles) character file.

Game seed: 15749837313605744089

646 hawla the Gusty (level 8, 0/85 HPs)
             Began as a Meteoran Air Elementalist on Dec 10, 2022.
             Was a Follower of Vehumet.
             Slain by Joseph
             ... wielding a +0 quarterstaff of speed
              (15 damage)
             ... on level 7 of the Dungeon.
             The game lasted 00:06:10 (1241 turns).

hawla the Gusty (Meteoran Air Elementalist)         Turns: 1241, Time: 00:06:10

Health: 0/85       AC:  4    Str: 16    XL:     8   Next: 9%
Magic:  5/18       EV: 13    Int: 18    God:    Vehumet [*.....]
Gold:   213        SH:  0    Dex: 15    Spells: 12/19 levels left

rFire   . . .      SeeInvis .   (no weapon)
rCold   . . .      Faith    .   (no shield)
rNeg    . . .      Spirit   .   a - +1 robe
rPois   .          Reflect  .   (no helmet)
rElec   .          Harm     .   (no cloak)
rCorr   .          Rampage  .   i - +0 pair of gloves
Will    +....                   (no boots)
Stlth   ..........              (no amulet)
HPRegen 0.24/turn               h - +6 ring of strength
MPRegen 0.16/turn               (no ring)

@: berserking, glowing, very quick
A: sense surroundings 1, otherworldly, glowing, explore regen
a: Renounce Religion


You were on level 7 of the Dungeon.
You worshipped Vehumet.
Vehumet was aware of your devotion.
You visited 1 branch of the dungeon, and saw 6 of its levels.

You collected 213 gold pieces.

Inventory:

Armour
 a - a +1 robe (worn)
 i - a +0 pair of gloves (worn)
Jewellery
 f - a ring of ice
 h - a +6 ring of strength (left hand)
 m - a ring of resist corrosion
Wands
 k - a wand of paralysis (7) (quivered)
Scrolls
 c - a scroll of teleportation
 d - a scroll of identify
Potions
 b - a potion of magic
 e - 2 potions of degeneration
 g - a potion of curing
 l - a potion of haste {unknown}


   Skills:
 + Level 3.2 Dodging
 - Level 1.4 Stealth
 + Level 6.3 Spellcasting
 + Level 2.5 Conjurations
 + Level 7.7 Air Magic


You had 12 spell levels left.
You knew the following spells:

 Your Spells              Type           Power      Damage    Failure   Level
a - Shock                 Conj/Air       96%        1d9       1%          1
b - Static Discharge      Conj/Air       24%        3-6/arc   2%          2
c - Airstrike             Air            16%        2d(3-19)  4%          4

Your spell library contained the following spells:

 Spells                   Type           Power      Damage    Failure   Level
 Sandblast                Erth           10%        2d5       12%         1
 Swiftness                Air            33%        N/A       1%          3
 Portal Projectile        Hex/Tloc       10%        N/A       34%         3
 Tukima's Dance           Hex            5%         N/A       34%         3
 Lightning Bolt           Conj/Air       12%        1d25      36%         5
 Blade Hands              Tmut           2%         N/A       97%         5
 Maxwell's Capacitive Co  Air            16%        ∞         100%        8


Dungeon Overview and Level Annotations

Branches:
Dungeon (7/15) Zot: 2360   Temple (0/1) D:4

Altars:
Hepliaklqana
Kikubaaqudgha
Trog
Vehumet
Xom

Shops:
D:4 ?

Annotations:
D:7 Joseph


Innate Abilities, Weirdness & Mutations

You passively map a small area around you.
You are easily found by Zot.
You glow in the dark.
You regain HP and MP as you explore.


Message History

Confirm with . or Enter, or press ? or * to list all spells.
Aiming: Airstrike (dangerous; 4% risk of failure)
Press: ? - help, Dir - move target, f/p - Joseph
Aim: Joseph, wielding a +0 sling, wearing a +0 ring mail and carrying a wand of roots (10) (moderately wounded, empty space bonus: 2/8)
The air twists around and strikes Joseph but does no damage.
Joseph shoots a sling bullet.
The sling bullet hits you.
Unknown command.
Casting: Airstrike (dangerous; 4% risk of failure)
Confirm with . or Enter, or press ? or * to list all spells.
Aiming: Shock (safe; 1% risk of failure)
Press: ? - help, Shift-Dir - straight line, f/p - Joseph
Aim: Joseph, wielding a +0 sling, wearing a +0 ring mail and carrying a wand of roots (10) (moderately wounded, 77% to hit)
Okay, then.
Joseph unwields a +0 sling.
Joseph wields a +0 quarterstaff of speed.
Joseph hits you but does no damage.
Casting: Shock (safe; 1% risk of failure)
Confirm with . or Enter, or press ? or * to list all spells.
Joseph is struck by an arc of lightning.
Joseph is moderately wounded.
You are struck by an arc of lightning.
Joseph is struck by an arc of lightning!
Joseph is heavily wounded.
Joseph hits you with a +0 quarterstaff of speed!
* * * LOW HITPOINT WARNING * * *
Joseph barely misses you.
Unknown command.
It was a potion of berserk rage.
A red film seems to cover your vision as you go berserk!
You feel yourself moving faster!
You feel mighty! Joseph misses you.
The sky beast flickers out of sight!
Deactivating autopickup; reactivate with Ctrl-A.
You hit Joseph but do no damage.
Joseph is moderately wounded.
Joseph hits you with a +0 quarterstaff of speed!
* * * LOW HITPOINT WARNING * * *
You hit Joseph.
Joseph is heavily wounded.
Joseph hits you with a +0 quarterstaff of speed!
You die...

#########
#.......####
##@####....######
#@# ####......#
#{# ######.# #.#
#.### #..* #...#
##.** ###.# .,
***** * #.... *
#. ......#.. ,, ,
*########.


You could see Joseph.

Vanquished Creatures
  An ice beast (D:5)
  3 black bears
  A bullfrog (D:6)
  A scorpion (D:4)
  A hound (D:4)
  An iguana (D:6)
  2 gnolls (D:5)
  2 adders
  A shadow imp (D:6)
  3 white imps (D:7)
  An ufetubus (D:4)
  A worm (D:2)
  7 orcs
  2 ball pythons
  A bat (D:1)
  2 giant cockroaches (D:4)
  3 goblins
  A hobgoblin (D:4)
  3 jackals (D:4)
  A quokka (D:4)
  4 kobolds
  A rat (D:1)
43 creatures vanquished.

Vanquished Creatures (others)
  2 plants (D:5)
2 creatures vanquished.

Grand Total: 45 creatures vanquished

Notes
Turn   | Place    | Note
-------+----------+-------------------------------------------
     0 | D:1      | hawla the Meteoran Air Elementalist began the quest for the
                  | Orb.
     0 | D:1      | Reached XP level 1. HP: 14/14 MP: 5/5
    62 | D:1      | Reached XP level 2. HP: 20/20 MP: 1/6
   119 | D:2      | Reached skill level 4 in Air Magic
   163 | D:2      | You fall into a shaft and drop 2 floors!
   163 | D:4      | Found a radiant altar of Vehumet.
   164 | D:4      | Became a worshipper of Vehumet
   176 | D:4      | Found Sureush's Magic Scroll Boutique.
   186 | D:4      | Learned a level 2 spell: Static Discharge
   204 | D:4      | Noticed a scorpion
   207 | D:4      | Killed a scorpion
   208 | D:4      | Reached skill level 5 in Air Magic
   208 | D:4      | Reached XP level 3. HP: 18/26 MP: 2/9
   208 | D:4      | Reached XP level 4. HP: 23/33 MP: 2/10
   252 | D:4      | Learned a level 4 spell: Airstrike
   286 | D:4      | Found a staircase to the Ecumenical Temple.
   322 | D:4      | Reached XP level 5. HP: 31/38 MP: 5/11
   556 | D:5      | Entered Level 5 of the Dungeon
   556 | D:5      | Noticed an ice beast
   559 | D:5      | Killed an ice beast
   560 | D:5      | Reached skill level 6 in Air Magic
   560 | D:5      | Reached XP level 6. HP: 45/45 MP: 0/13
   806 | D:6      | Found a bloodstained altar of Trog.
   806 | D:6      | Noticed a black bear
   806 | D:6      | Noticed a black bear
   822 | D:6      | Killed a black bear
   823 | D:6      | Reached skill level 5 in Spellcasting
   823 | D:6      | Reached XP level 7. HP: 50/50 MP: 4/15
   824 | D:6      | Reached skill level 7 in Air Magic
   858 | D:6      | Identified the +4 war axe of Jin Fiog {vorpal, Fly Str+3
                  | Dex-4 Stlth+}
   939 | D:7      | Found a hazy altar of Hepliaklqana.
   939 | D:7      | Found an ancient bone altar of Kikubaaqudgha.
   944 | D:7      | Reached * piety under Vehumet
   944 | D:7      | Offered knowledge of Sandblast by Vehumet.
   945 | D:7      | Reached XP level 8. HP: 49/57 MP: 11/18
  1081 | D:7      | Found a shimmering altar of Xom.
  1233 | D:7      | Noticed Joseph
  1241 | D:7      | Slain by Joseph

Illustrated notes

Levels and vault maps discovered:
D:1:      eino_arrival_tree_alley, layout_loops_cross,
          shapermc_ecumenical_altar_pompeii
D:2:      layout_basic, basic_altar, patterned_corridor
D:4:      layout_loops_corners, general_overflow_altar, chei_slow_surprise,
          vehumet_crystals, temple_statues, serial_shops, shop_statue,
          minmay_parallelograms, minmay_box_of_dots
D:5:      layout_basic, serial_bayou_lagoon_a, serial_bayou_pond_d,
          minmay_ogre_servants
D:6:      layout_rooms, trog_ov_bears_minmay, minivault_25, chequers_mini_garden
D:7:      layout_rooms, overflow_temple_1_default, amcnicky_altar_gilded,
          mainiacjoe_overflow_cross_hatched, eino_tiny_chamber, uniq_joseph

Skill      XL: |  1  2  3  4  5  6  7 |
---------------+----------------------+-----
Spellcasting   | 3 4 5 6 |  6.3
Air Magic      | 5 6 7 |  7.7
Dodging        | 3 |  3.2
Conjurations   | 2 |  2.5
Stealth        | |  1.4

Action                   |  1- 3 |  4- 6 |  7- 9 || total
-------------------------+-------+-------+-------++-------
Melee: Unarmed           |     8 |       |     2 ||    10
 Cast: Shock             |    24 |    26 |     7 ||    57
       Static Discharge  |     2 |     8 |     7 ||    17
       Airstrike         |       |    10 |    10 ||    20
  Use: Scroll            |     1 |     4 |     2 ||     7
       Potion            |       |       |     1 ||     1
Armor: Robe              |     1 |     1 |     4 ||     6
Dodge: Dodged            |     1 |     7 |     7 ||    15
